 Dungeon Crawl Stone Soup version 0.28-a0-384-g9e0c098162 (webtiles) character file.

Game seed: 15568776438668122998

401 lunkers the Magician (level 7, 0/53 HPs)
             Began as a Djinni Cinder Acolyte on Sept 2, 2021.
             Was a High Priest of Ignis.
             Slain by an orc priest (10 damage)
             ... on level 5 of the Dungeon.
             The game lasted 00:06:38 (6215 turns).

lunkers the Magician (Djinni Cinder Acolyte)        Turns: 6215, Time: 00:06:39

Health: 0/53       AC:  3    Str: 13    XL:     7   Next: 11%
Gold:   303        EV: 10    Int: 17    God:    Ignis [*****.] SH:  3 Dex:  9

rFire   + + +      SeeInvis .   a - -1 short sword (flame)
rCold   x . .      Faith    .   e - +0 buckler
rNeg    . . .      Spirit   .   b - +0 robe
rPois   ∞          Reflect  .   f - +0 helmet
rElec   .          Harm     .   (no cloak)
rCorr   .          Rampage  .   (no gloves)
Will    .....                   (boots unavailable)
Stlth   +.........              (no amulet)
HPRegen 0.17/turn               k - ring of wizardry
MPRegen 0.00/turn               (no ring)

@: flying
A: sickness immunity, fire resistance 2, cold vulnerability 1, float, innate
caster, hp casting, extra vitality 1
a: Renounce Religion, Sea of Fire, Foxfire Swarm, Rising Flame


You were on level 5 of the Dungeon.
You worshipped Ignis.
Ignis was extremely pleased with you.
You visited 1 branch of the dungeon, and saw 5 of its levels.

You collected 303 gold pieces.

Inventory:

Hand Weapons
 a - a -1 short sword of flaming (weapon)
Armour
 b - a +0 robe (worn)
 e - a +0 buckler (worn)
 f - a +0 helmet (worn)
Jewellery
 k - a ring of wizardry (left hand)
Scrolls
 c - a scroll of teleportation {unknown}
 l - a scroll of immolation {unknown}
 m - a scroll of noise {unknown}
 n - a scroll of magic mapping {unknown}
Potions
 d - a potion of mutation {unknown}
 g - a potion of ambrosia {unknown}
 i - a potion of brilliance
 j - a potion of haste {unknown}
 o - a potion of cancellation {unknown}


   Skills:
 + Level 4.8 Fighting
 - Level 2.6 Short Blades
 + Level 0.0 Shields
 * Level 4.9 Spellcasting


You had 7 spell levels left.
You knew the following spells:

 Your Spells              Type           Power      Damage    Failure   Level
a - Scorch                Fire           42%        2d7       1%          2
b - Beastly Appendage     Tmut           42%        N/A       1%          1
c - Ignite Poison         Fire/Tmut/Pois 21%        N/A       4%          3
p - Passwall              Tmut/Erth      17%        N/A       1%          2
Your spell library was empty.

Dungeon Overview and Level Annotations

Branches:
Dungeon (5/15)
 Temple: D:4-7

Altars:
Qazlal
Vehumet
Beogh

Annotations:
D:3 3 runed translucent doors, Jamsdnucbuo's ghost, weakling MiHu


Innate Abilities, Weirdness & Mutations

You are immune to sickness and miasma.
You are immune to poison.
Your flesh is very heat resistant. (rF++)
You are vulnerable to cold. (rC-)
You float through the air rather than walking.
You learn spells naturally, not from books.
Your magical power is your life essence.
You have superior vitality. (+4 HP)


Message History

Flames lash the orc.
The orc resists.
The orc is heavily wounded.
The orc's fire resistance burns away.
The orc priest calls down the wrath of Beogh upon you.
Beogh smites you!
* * * LOW HITPOINT WARNING * * *
Casting: Scorch (safe; 1% risk of failure)
Press: ? - help, Q - select action, (/) - cycle Dir - look around, f - activate Flames lash the orc.
The orc is severely wounded.
The orc's fire resistance burns away.
* * * LOW HITPOINT WARNING * * *
The orc closely misses you.
The orc priest calls down the wrath of Beogh upon you.
Beogh smites you!
* * * LOW HITPOINT WARNING * * *
Casting: Scorch (safe; 1% risk of failure)
Press: ? - help, Q - select action, (/) - cycle Dir - look around, f - activate Flames lash the orc.
The orc is burned terribly!
You kill the orc!
* * * LOW HITPOINT WARNING * * *
The orc priest is no longer more vulnerable to fire.
Casting: Scorch (safe; 1% risk of failure)
Press: ? - help, Q - select action, (/) - cycle Dir - look around, f - activate Flames lash the orc but do no damage.
* * * LOW HITPOINT WARNING * * *
The orc is no longer more vulnerable to fire.
The orc hits you with a +0 club.
* * * LOW HITPOINT WARNING * * *
Casting: Scorch (safe; 1% risk of failure)
Press: ? - help, Q - select action, (/) - cycle Dir - look around, f - activate Flames lash the orc but do no damage.
* * * LOW HITPOINT WARNING * * *
Casting: Scorch (safe; 1% risk of failure)
Press: ? - help, Q - select action, (/) - cycle Dir - look around, f - activate Flames lash the orc.
The orc resists.
You kill the orc!
* * * LOW HITPOINT WARNING * * *
The orc priest hits you with a +0 flail!
You die...

#.......#.#
#.......#.
+..._...'
.......
..... . )..
....###o##
#....)@.#
#######.#
#.# #.# #.#
##
##.#######
#.
##.......#
#.
#########.#
#. ..ooo###
#.# #.


You could see an orc priest.

Vanquished Creatures
  A phantom (D:5)
  A scorpion (D:4)
  A gnoll shaman (D:3)
  An iguana (D:4)
  Natasha (twice) (D:2)
  3 gnolls (D:3)
  A howler monkey skeleton (D:5)
  3 adders
  2 river rats (D:4)
  An adder skeleton (D:4)
  A worm (D:2)
  A dart slug (D:1)
  6 orcs
  8 bats
  4 endoplasms
  3 giant cockroaches
  5 goblins
  4 hobgoblins
  2 jackals (D:1)
  A quokka (D:3)
  8 ball pythons
  4 frilled lizards
  7 kobolds
  15 rats
85 creatures vanquished.

Vanquished Creatures (others)
  11 plants (D:5)
11 creatures vanquished.

Grand Total: 96 creatures vanquished

Notes
Turn   | Place    | Note
-------+----------+-------------------------------------------
     0 | D:1      | lunkers the Djinni Cinder Acolyte began the quest for the
                  | Orb.
     0 | D:1      | Reached XP level 1. HP: 20/20 MP: 0/0
   309 | D:1      | Reached XP level 2. HP: 20/25 MP: 0/0
  1606 | D:1      | Reached XP level 3. HP: 28/30 MP: 0/0
  1606 | D:1      | Learned a level 1 spell: Beastly Appendage
  2100 | D:2      | Noticed Natasha
  2108 | D:2      | Killed Natasha
  2109 | D:2      | Reached XP level 4. HP: 21/37 MP: 0/0
  2317 | D:2      | Found a faded altar of an unknown god.
  2856 | D:2      | Noticed Natasha
  2862 | D:2      | Killed Natasha
  2863 | D:2      | Reached XP level 5. HP: 19/41 MP: 0/0
  2863 | D:2      | Learned a level 2 spell: Passwall
  3771 | D:3      | Found a runed translucent gate.
  3771 | D:3      | Noticed Jamsdnucbuo's ghost (weakling MiHu)
  3772 | D:3      | Found a runed translucent gate.
  3773 | D:3      | Found a runed translucent gate.
  4113 | D:3      | Found a stormy altar of Qazlal.
  4459 | D:3      | Reached XP level 6. HP: 41/47 MP: 0/0
  6008 | D:5      | Entered Level 5 of the Dungeon
  6078 | D:5      | Reached XP level 7. HP: 43/53 MP: 0/0
  6078 | D:5      | Learned a level 3 spell: Ignite Poison
  6215 | D:5      | Slain by an orc priest

Illustrated notes

Levels and vault maps discovered:
D:1:      psy_arrival_radial01, layout_basic, serial_forest,
          infiniplex_forest_straight_5, infiniplex_forest_clump_cross,
          infiniplex_forest_clump_large, infiniplex_forest_lined_2,
          infiniplex_forest_clump_medium, infiniplex_forest_straight_4,
          infiniplex_forest_zigzag_2, infiniplex_forest_clump_diagonal
D:2:      layout_basic, hellmonk_ecumenical_altar_arch_garden,
          minmay_misc_feat_cross, grunt_decor_one_mirror, hex_tiny,
          corexii_item_surrounded_by_moat, minmay_tetromino_l4, uniq_natasha
D:3:      layout_basic, mainiacjoe_overflow_six_doors_small,
          biasface_ghost_orc_armoury, minmay_crystal_water,
          corexii_item_surrounded_by_moat, item_on_display_a
D:4:      layout_loops_ring, portal_sewer_entry_b
D:5:      wad_lake_hut, layout_loops_corners, regret_index_temple_of_mockery,
          nicolae_vehumet_altar_sigil, serial_co_window_serial,
          co_window_paths_a, co_window_of_opportunity_a, co_window_paths_a,
          co_window_corner_a, co_window_paths_b, co_window_paths_b,
          co_window_paths_b, co_window_cross_3, co_window_corner_b,
          co_window_2corner, co_window_2corner, co_window_paths_d,
          glass_columns_c, glass_columns_c, glass_columns_b, glass_columns_b,
          glass_columns_a

Skill      XL: |  1  2  3  4  5 |
---------------+----------------+-----
Spellcasting   | 3 4 |  4.9
Fighting       | 4 |  4.8
Short Blades   | |  2.6

Action                   |  1- 3 |  4- 6 |  7- 9 || total
-------------------------+-------+-------+-------++-------
Melee: Short sword       |    46 |       |       ||    46
 Cast: Scorch            |    27 |   102 |    12 ||   141
  Use: Scroll            |       |     4 |       ||     4
Armor: Robe              |    17 |     9 |       ||    26
Dodge: Dodged            |    32 |    16 |     1 ||    49
Block: Buckler           |     5 |     6 |       ||    11

Table legend: (Time is in decaauts)
 A = Elapsed time spent in this place.
 B = Non-inter-level travel time spent in this place.
 C = Inter-level travel time spent in this place.
 D = Time resting spent in this place.
 E = Time spent auto-exploring this place.
 F = Levels seen in this place.
 G = Mean time per level.
                   A        B        C        D        E       F      G
               +--------+--------+--------+--------+--------+-----+--------+
         Total |   6213 |   6077 |    136 |    228 |   5195 |   5 | 1242.6 |
       Dungeon |   6213 |   6077 |    136 |    228 |   5195 |   5 | 1242.6 |
               +--------+--------+--------+--------+--------+-----+--------+

Top non-repeatable levels by time:
     D:2: 1821 daAuts
     D:1: 1723 daAuts
     D:4: 1404 daAuts
     D:3: 1057 daAuts
     D:5: 206 daAuts
